[Event "10th Floripa Open 2024"]
[Site "Florianopolis"]
[Date "2024.01.23"]
[Round "4.4"]
[White "Aranha Filho, Alvaro Z."]
[Black "Salinas Herrera, Pablo"]
[Result "1/2-1/2"]
[ECO "E16"]
[WhiteElo "2201"]
[BlackElo "2477"]
[Annotator "TA"]
[PlyCount "97"]
[EventDate "2024.01.10"]
[EventType "swiss"]
[EventCountry "BRA"]
[SourceTitle "playchess.com"]
[Source "ChessBase"]
[SourceQuality "1"]
[TimeControl "5400+30"]

1. d4 d5 2. c4 e6 3. Nf3 Nf6 4. g3 Bb4+ 5. Nbd2 O-O 6. Bg2 b6 7. cxd5 exd5 8. O-O Bb7 9. Ne5 a5 {[%emt 0:04:29] E16: Queen's Indian: 4 g3 Bb7 5 Bg2 Bb4+.} 10. Qc2 Be7 11. Rd1 Qc8 {[%emt 0:08:11] The position is equal.} 12. Ndf3 {[%emt 0:03:07] [#]} Ne4 $146 {[%emt 0:02:00] Dodges Ng5} ({Predecessor:} 12... c5 13. Bg5 Na6 14. a3 Re8 15. Rac1 Ne4 16. Bxe7 Rxe7 17. dxc5 bxc5 18. Nd3 Qe8 {1-0 Cori Tello,D (2367)-Matnadze,A (2400) FIDE Grand Swiss (Women) 2023 (4)}) 13. Be3 (13. h4 {feels hotter.} c5 14. Ng5 Nxg5 15. hxg5 Nc6 16. Nxc6 Qxc6 17. Bf4) 13... Bd6 14. Rac1 Re8 15. Nd3 Na6 16. a3 {[%emt 0:06:59] Prevents Nb4} Bf8 (16... c5 $11) 17. Qb3 (17. Nf4 $16) 17... Qe6 (17... c5 $14) 18. Nf4 $16 Qd6 19. Ne5 Nf6 20. Nfd3 {[%emt 0:10:00] White has more active pieces.} h6 21. Rc2 (21. h4 $16) 21... Rab8 $14 22. Qb5 {[%emt 0:04:36] Repels c5. Black must now prevent Nc6.} c5 $1 23. dxc5 Nxc5 24. b4 (24. Bxc5 $2 bxc5 25. Nf3 (25. Qxa5 $2 c4 $19) (25. Nxc5 $2 Ba8 $19) 25... c4 $17) 24... axb4 25. axb4 Nxd3 26. Nxd3 {[%emt 0:00:22] And now Bf4 would win.} Rxe3 27. fxe3 Ng4 {[%emt 0:00:04] [#]} 28. e4 Ne3 $11 29. e5 Qe6 (29... Qg6 $11 30. Rdc1 Nxg2 31. Kxg2 Qe4+ 32. Kf2 d4) 30. Rdc1 $1 $14 {[%emt 0:00:34] Rc7 is the strong threat.} Nxc2 31. Rxc2 Ra8 32. h3 (32. Rc7 {looks sharper.} Ra1+ 33. Kf2 Qf5+ 34. Bf3) 32... Ra7 33. Kh2 g5 {[%emt 0:00:09] Prevents Nf4.} 34. Bf3 d4 (34... Ba6 $11 {keeps the balance.} 35. Qxd5 Qxd5 36. Bxd5 Rd7) 35. Bxb7 $16 Rxb7 36. Qc6 Qe7 ({Black should try} 36... Qxc6 37. Rxc6 Bg7) 37. Rc4 {[%emt 0:00:47] Black is weak on the light squares} Ra7 38. Rc2 {[%emt 0:01:11] Dodges Ra2} ({Reject} 38. Qxb6 $6 Ra2 39. Rxd4 (39. Qxd4 Rxe2+ 40. Nf2 Qe6 $15) 39... Rxe2+ 40. Kh1 Rxe5 41. Nxe5 Qxe5 $11) (38. Kg2 $16) 38... Qd8 (38... Rb7 $1 $11 {remains equal.}) 39. Qe4 Bg7 40. Qf5 (40. Rc4 $16) 40... Rc7 $14 41. Rxc7 Qxc7 {[%emt 0:00:03][%mdl 4096] Endgame KQB-KQN} 42. e6 fxe6 43. Qxe6+ Kh7 (43... Qf7 $11 44. Qe4 (44. Qxb6 Qe8 $11) 44... Kf8) 44. Qf5+ (44. b5 $16) 44... Kh8 45. Qe6 ({Better is} 45. Qe4 $14) 45... Kh7 $1 $16 46. Qe4+ Kh8 47. Qe8+ Kh7 48. Qe4+ Kh8 49. Qe8+ {[%emt 0:00:07] Weighted Error Value: White=0.21 (precise) /Black=0.21 (precise)} (49. h4 $16) 1/2-1/2

[Event "10th Floripa Open 2024"]
[Site "Florianopolis"]
[Date "2024.01.23"]
[Round "4.5"]
[White "Galego, Luis"]
[Black "Rodrigues, Edgar"]
[Result "1/2-1/2"]
[ECO "C01"]
[WhiteElo "2468"]
[BlackElo "2233"]
[Annotator "TA"]
[PlyCount "114"]
[EventDate "2024.01.10"]
[EventType "swiss"]
[EventCountry "BRA"]
[SourceTitle "playchess.com"]
[Source "ChessBase"]
[SourceQuality "1"]
[TimeControl "5400+30"]

1. e4 e6 2. d4 d5 3. exd5 exd5 4. Nf3 Nf6 5. h3 Bd6 6. c4 {[%emt 0:00:05] C01: French: Exchange Variation.} Bb4+ 7. Nc3 O-O 8. Bd3 dxc4 9. Bxc4 Qe7+ 10. Be3 {[%emt 0:03:17] [#]} Be6 $146 ({Predecessor:} 10... Nbd7 11. O-O h6 12. Re1 Qd8 13. Qd3 Nb6 14. Bb3 c6 15. Ne5 Nbd5 16. g4 g5 17. Bc2 Be6 {0-1 Safarik,J (1960)-Kolomaznikova,B (1947) CZE-chT U20 final-A 0910 2010 (11.3)}) 11. Qb3 Bxc4 (11... Nc6 $5 12. Bxe6 Qxe6 $11) 12. Qxc4 Nbd7 13. O-O Nb6 14. Qb3 Bxc3 15. bxc3 Nfd5 16. c4 (16. Bd2 $16) 16... Nxe3 $11 17. fxe3 c5 18. a4 Rae8 19. a5 Nc8 20. Rfe1 Nd6 {[%emt 0:04:24] Wards off Qb5} 21. Rac1 Qc7 22. Qa2 Re7 23. Qa3 Ne4 (23... Rc8 {simplifies} 24. d5 Rce8 25. Nd2 Re5) 24. Rcd1 Qg3 {[%emt 0:02:21] Strongly threatening ...Nf2.} 25. dxc5 (25. Rf1 $15) 25... Nf2 (25... Qf2+ $17 26. Kh2 Re6) 26. Rd2 $2 (26. c6 $1 $11) 26... Nxh3+ $19 27. Kf1 {[%emt 0:00:00] [#]} (27. Kh1 $142) 27... Re6 $1 28. e4 Rf6 (28... Ng5 $19 29. Qe3 Nxe4) 29. e5 $17 Rf4 $36 {[%emt 0:00:45][%cal Bf6f4,Bf4c4,Bc4c1,Bc1a1][%mdl 2080] Black is in control.} 30. Re3 $2 (30. Qe3 $17) 30... Qh2 $19 31. Ke2 Qxg2+ 32. Kd1 Qf1+ ({Don't blunder} 32... Qh1+ $2 33. Kc2 Rxc4+ 34. Kb2 $19) 33. Kc2 Rxc4+ (33... Qxc4+ $2 {perishes.} 34. Kb2 $19) 34. Kb3 (34. Kb2 $142 Nf4 35. Re1) 34... Rc1 {[%emt 0:01:16] Hoping for ...Qb5+.} 35. Nd4 {[%emt 0:01:18] Repels Qb5+} Ra1 36. Qb4 Rb1+ 37. Rb2 Qd1+ 38. Nc2 {[%emt 0:00:05] [#]} Nf4 39. Qxf4 $11 {[%emt 0:00:43] Black must now prevent Qc4.} Qd5+ 40. Ka3 Qxc5+ 41. Qb4 Ra1+ {[%emt 0:00:29][%mdl 64] Deflection} 42. Nxa1 Qxe3+ 43. Nb3 b6 44. Qe7 {[%emt 0:01:59] aiming for Rd2.} bxa5 45. Rd2 {[%emt 0:00:06] Threatens to win with Rd8.} Qb6 {[%emt 0:00:45] Wards off Rd8} (45... h5 {feels hotter.} 46. Rd7 Qf3 47. e6 a4) 46. Rd7 {[%emt 0:00:19] The position is equal.} Qb4+ 47. Qxb4 axb4+ 48. Kxb4 {[%emt 0:00:01][%mdl 4096] Endgame KRN-KR} Ra8 49. Nd4 a5+ 50. Ka4 g6 51. e6 fxe6 52. Nxe6 Re8 53. Rd6 Ra8 54. Rd7 Re8 55. Rd6 h6 56. Kxa5 Kf7 57. Nd8+ Kg8 {[%emt 0:03:36] And White is the lucky defender.   Weighted Error Value: White=0.51/Black=0.36} 1/2-1/2

[Event "10th Floripa Open 2024"]
[Site "Florianopolis"]
[Date "2024.01.23"]
[Round "4.6"]
[White "Rodriguez Vila, Andres"]
[Black "De Siqueira, Luigy Lira"]
[Result "1-0"]
[ECO "D00"]
[WhiteElo "2407"]
[BlackElo "2230"]
[Annotator "TA"]
[PlyCount "117"]
[EventDate "2024.01.10"]
[EventType "swiss"]
[EventCountry "BRA"]
[SourceTitle "playchess.com"]
[Source "ChessBase"]
[SourceQuality "1"]
[TimeControl "5400+30"]

1. d4 d5 2. Nc3 Nf6 3. Bf4 e6 4. e3 Bb4 5. Nge2 O-O 6. a3 {[%emt 0:00:30] D00: 1 d4 d5: Unusual lines.} Be7 7. h3 c5 8. g4 {[%emt 0:00:08] Black is slightly better.} Nc6 9. Bg2 b6 {[%emt 0:07:35] [#]} 10. O-O $146 ({Predecessor:} 10. e4 dxe4 11. dxc5 bxc5 12. Qxd8 Rxd8 13. g5 Nh5 14. Bxe4 Bb7 15. Bd2 f5 16. gxf6 Nxf6 17. Bxc6 Bxc6 {½-½ Dittmar,P-Kerker,A Team-ch L15K1-R(4-5) 2017}) 10... Ba6 11. Re1 Rc8 12. Nc1 cxd4 13. exd4 Ne8 14. N3e2 Bf6 15. c3 Nd6 16. Nd3 Nc4 17. Bh2 N6a5 18. Nef4 g6 19. a4 Nd6 20. Ne5 Bb7 21. Bf1 Nac4 22. Qc2 Bg7 23. Rad1 ({Better is} 23. Nxc4 $11 Nxc4 24. Nd3) 23... Nxe5 $1 $15 24. dxe5 Nc4 25. Ng2 Qc7 26. f4 Rfd8 (26... Qc5+ {seems wilder.} 27. Kh1 d4 28. Bg1 Ne3) 27. Kh1 ({White should play} 27. Bg3 $15) 27... Bf8 (27... d4 $1 $17 {aiming for ...Ne3.} 28. cxd4 Qc6) 28. Bg1 {[%emt 0:02:31] Wards off Ne3} Re8 29. Bd4 Bg7 30. h4 Qe7 31. Qf2 f6 32. exf6 Bxf6 33. a5 Bxd4 (33... Nxa5 $6 34. Bxf6 Qxf6 35. Kg1 $15) 34. cxd4 Nd6 (34... Nxa5 $6 35. Bb5 Rf8 36. Qe2 $17) 35. a6 Bc6 36. Re5 (36. Rc1 $11) 36... Ne4 (36... Ba4 $1 $17 37. Ra1 Bc2) 37. Qe3 (37. Qe1 $1 $11) 37... Ba4 38. b3 Rc3 (38... Bd7 $1 $17 {Hoping for ...Rc2.} 39. Bd3 Rc3) 39. Rd3 $14 Rc2 (39... Bxb3 $2 40. Rxc3 Nxc3 41. Qxc3 $18) 40. bxa4 {[%emt 0:00:46] Threatens to win with Kg1.} Nf2+ 41. Kg1 Nxg4 42. Qe1 (42. Qg3 {is interesting.} Nxe5 43. fxe5 Rf8 44. Nf4) 42... Nxe5 43. fxe5 ({White should try} 43. Qxe5 $14 Qg7 44. Qe3) 43... Rec8 (43... Rf8 $11 {keeps the balance.}) 44. Rd1 (44. Qg3 $16) 44... Qa3 45. Bd3 Rc1 46. Kh2 R1c3 {[%emt 0:00:50] [#]} (46... Qa1 $11 47. Rxc1 Rxc1) 47. Qe2 (47. Qe3 $1 $16) 47... Qxa4 $2 (47... Rf8 $1 $11) 48. Bb5 $2 (48. Qg4 $18 {And now h5 would win.} Qd7 49. Nf4) 48... Qb3 $11 49. Bd7 $2 (49. Qg4 $11 {and White has nothing to worry.} Qxb5 50. Qxe6+ Kh8 51. Qf6+ Kg8 52. Qe6+ Kh8 53. Qf6+ Kg8 54. Qe6+) 49... Rh3+ $19 50. Kg1 Rc2 51. Qg4 (51. Bxe6+ $2 Kg7 52. Bxd5 Rh1+ 53. Kxh1 Qh3+ 54. Kg1 Rxe2 $19) 51... Rg3 $2 (51... Rxg2+ 52. Kxg2 Kg7 53. Rf1 $18 (53. Qxh3 Qc2+ 54. Kg3 Qxd1 $11)) (51... Kg7 $19 {( -> ...Rg3)} 52. Ba4 Rg3 53. Qxg3 Qxg3 54. Bxc2 Qf3) 52. Qxe6+ $16 Kg7 53. Qf6+ Kh6 {[%emt 0:00:06] [#]} 54. Qf4+ $2 ({Only move:} 54. Rd2 $1 $18 {[%cal Rd2c2] Black must now prevent Rxc2.} Rxd2 55. Qf4+ Kg7 56. Qxd2) 54... Kh5 $2 (54... Kg7 $11 55. Qf6+ Kh6) 55. Rd2 $18 {[%emt 0:00:39] White wants to mate with Rxc2.} Rcc3 56. Qf7 ({But not} 56. Kh2 $2 Rcf3 $19) 56... h6 57. Rf2 {[%emt 0:00:12] Threatening mate with Rf5+.} Rcf3 58. Rxf3 {[%emt 0:01:06][%mdl 64] Remove Defender} Rxf3 59. Nf4+ {[%emt 0:12:25] Excellently played by Rodriguez Vila!   Weighted Error Value: White=0.43/Black=0.55} 1-0

[Event "10th Floripa Open 2024"]
[Site "Florianopolis"]
[Date "2024.01.23"]
[Round "4.7"]
[White "Rodi, Luis Ernesto"]
[Black "Do Valle Cardoso, Lucas"]
[Result "1/2-1/2"]
[ECO "B99"]
[WhiteElo "2196"]
[BlackElo "2392"]
[Annotator "TA"]
[PlyCount "65"]
[EventDate "2024.01.10"]
[EventType "swiss"]
[EventCountry "BRA"]
[SourceTitle "playchess.com"]
[Source "ChessBase"]
[SourceQuality "1"]
[TimeControl "5400+30"]

1. e4 c5 2. Nf3 d6 3. d4 cxd4 4. Nxd4 Nf6 5. Nc3 a6 6. Bg5 e6 7. f4 Be7 8. Qf3 Qc7 9. O-O-O Nbd7 10. g4 h6 11. Bxf6 Bxf6 12. h4 $1 {[%emt 0:00:45] White is more active.} Nb6 {[%emt 0:01:07] B99: Sicilian Najdorf: 6 Bg5 e6 7 f4 Be7 8 Qf3 Qc7 9 0-0-0 Nbd7.} 13. g5 Bxd4 14. Rxd4 Qc5 {[%emt 0:00:03] White is slightly better.} 15. Qd3 ({White should try} 15. Rd2 $14) 15... hxg5 $1 $11 16. Rxd6 {[%emt 0:04:06] [#] Rd8+ is the strong threat.} Rxh4 17. Rxh4 gxh4 18. Rd8+ Ke7 {[%emt 0:00:07] [#] And now ...Qc7 would win.} 19. Rh8 $146 (19. Rd4 $11) ({Predecessor:} 19. Rg8 Bd7 20. Rxg7 Rd8 21. f5 Qf2 22. Rg2 Qf4+ 23. Rd2 Rc8 24. Bg2 Rg8 25. Ne2 {0-1 Schmider,N (2344)-Tschann,S (2223) Oberliga Baden 2122 2021 (3.3)}) 19... Bd7 $15 20. Rxh4 Qf2 {[%emt 0:02:20] Against Rh2} (20... Bb5 $1 $15 21. Nxb5 axb5) 21. Rg4 $1 $11 {[%emt 0:01:07] The position is equal.} Bb5 22. Nxb5 axb5 23. Qe2 {[%emt 0:02:15] Dodges Nc4} Qxe2 24. Bxe2 Rxa2 25. Rxg7 Nc4 26. Bxc4 bxc4 {[%emt 0:00:03][%mdl 4096] Endgame KR-KR} 27. Rg5 c3 28. bxc3 Ra4 29. f5 Kf6 30. Rg4 {[%emt 0:00:23][%cal Oe4e5] [#] Threatens to win with e5+!} Ke7 {[%emt 0:15:14] aiming for ...exf5.} 31. Rg5 Rxe4 {[%emt 0:00:30] Strongly threatening ...Kf6.} 32. fxe6 Rxe6 33. Rb5 {Weighted Error Value: White=0.11 (very precise) /Black=0.05 (flawless)} 1/2-1/2

[Event "10th Floripa Open 2024"]
[Site "Florianopolis"]
[Date "2024.01.23"]
[Round "4.8"]
[White "Perez Gormaz, Matias"]
[Black "Campos, Maria Jose"]
[Result "1-0"]
[ECO "C50"]
[WhiteElo "2388"]
[BlackElo "2208"]
[Annotator "TA"]
[PlyCount "63"]
[EventDate "2024.01.10"]
[EventType "swiss"]
[EventCountry "BRA"]
[SourceTitle "playchess.com"]
[Source "ChessBase"]
[SourceQuality "1"]
[TimeControl "5400+30"]

1. e4 e5 2. Nf3 Nc6 3. Bc4 Nf6 4. d3 Bc5 5. Nc3 d6 6. Na4 Bb6 {[%emt 0:01:27] C50: Hungarian Defence and Giuoco Pianissimo.} 7. a3 h6 8. c3 O-O {[%emt 0:01:45] The position is equal.} 9. O-O Ne7 10. Re1 Ng6 {[%emt 0:02:18] [#]} 11. Bb3 $146 ({Predecessor:} 11. h3 Re8 12. Bb3 Ba5 13. Bc2 c6 14. b4 Bc7 15. c4 d5 16. exd5 cxd5 17. Nc3 {0-1 Abdusattorov,N (2688)-Nakamura,H (2760) Chess.com Rapid Wk22 Swiss 2022 (3)}) 11... Be6 (11... Bxf2+ $15 12. Kxf2 b5) 12. Bc2 Nh5 ({Black should try} 12... Bxf2+ $1 13. Kxf2 b5) 13. Nxb6 $11 axb6 14. d4 Nf6 15. h3 Re8 16. Be3 b5 17. Qd2 Qe7 18. Rad1 Red8 19. Qc1 Nh5 20. Kh2 Qf6 21. Rd2 Nhf4 (21... Qe7 $14) 22. Qd1 $16 b6 {[%emt 0:04:15] [#]} (22... c6 $142) 23. Ng1 $1 h5 $2 {[%emt 0:03:42] A mistake that costs the game.} (23... Qg5 $2 24. g3 $18) (23... Nh4 $16) 24. g3 c5 (24... exd4 $2 25. cxd4 (25. Bxf4 dxc3 26. bxc3 Nxf4 $11) 25... Nxh3 26. Nxh3 $18) 25. Qf3 ({But not} 25. gxf4 $6 exf4 26. Qxh5 fxe3 27. fxe3 cxd4 28. cxd4 Qh4 29. Qxh4 (29. Qxb5 $2 Qxe1 30. Qe2 Qh4 $19) 29... Nxh4 $16) 25... Qg5 $2 (25... h4 {keeps fighting.} 26. dxe5 (26. gxf4 exf4 27. Rde2 fxe3 $16) 26... hxg3+ 27. fxg3 dxe5) 26. Ne2 $18 {[%emt 0:15:42][%mdl 64] Pin. White is clearly winning.} ({Stronger than} 26. gxf4 exf4 27. Qg2 Qxg2+ 28. Kxg2 fxe3 29. fxe3 Bc8 $14) 26... Bxh3 27. gxf4 exf4 {[%emt 0:00:03] [#] Hoping for ...Bg4.} 28. Qxh3 {[%emt 0:00:21] Rg1 would be deadly.} fxe3 29. fxe3 b4 30. axb4 cxb4 31. Rg1 Qa5 32. Bb3 {[%emt 0:00:20] Weighted Error Value: White=0.06 (flawless) /Black=0.47} 1-0

[Event "10th Floripa Open 2024"]
[Site "Florianopolis"]
[Date "2024.01.23"]
[Round "4.9"]
[White "Perdomo, Leandro"]
[Black "Takano, Nicholas Ryo"]
[Result "1/2-1/2"]
[ECO "E71"]
[WhiteElo "2382"]
[BlackElo "2172"]
[Annotator "TA"]
[PlyCount "123"]
[EventDate "2024.01.10"]
[EventType "swiss"]
[EventCountry "BRA"]
[SourceTitle "playchess.com"]
[Source "ChessBase"]
[SourceQuality "1"]
[TimeControl "5400+30"]

1. d4 Nf6 2. c4 g6 3. Nc3 Bg7 4. e4 d6 5. h3 O-O 6. Be3 e5 7. d5 a5 8. g4 {[%emt 0:00:18][%cal Bg2g4,Bg4g5][%mdl 32] E71: King's Indian: 4 e4 d6 5 h3.} Na6 9. Qd2 Nc5 10. f3 {[%emt 0:00:03] White has an edge.} Ne8 (10... c6 $1 $11) 11. h4 $16 f5 12. g5 f4 13. Bf2 {[%emt 0:00:14] [#]} Qe7 $146 ({Predecessor:} 13... Bh8 14. Bh3 Ng7 15. Bxc5 dxc5 16. O-O-O Bxh3 17. Nxh3 Ne8 18. h5 Nd6 19. Qe2 Bg7 {1-0 Elsness,F (2459)-Mihajlov,S (2384) NOR-ch Oslo 2021 (7)}) 14. O-O-O Rb8 15. Bh3 Bxh3 16. Nxh3 Qd7 17. Ng1 (17. Bxc5 $18 dxc5 18. a4) 17... Na4 18. Nge2 Nxc3 19. Nxc3 h5 20. Kb1 b6 21. Qc2 Rf7 22. Qa4 Qc8 23. Qc6 Bf8 24. Rd3 Kg7 25. Nb5 Qa6 (25... Ra8 $16 26. Nc3 Re7) 26. Ra3 $18 Qc8 27. Ra4 Re7 28. Kc2 Kf7 29. Kd2 Ra8 30. Ke2 {[%emt 0:00:45] And now b4 would win.} Rd7 31. Kf1 Rd8 32. Kg2 Kg7 33. b4 {[%emt 0:01:38] White has more active pieces.} (33. Rd1 $142) 33... Ra6 $2 {[%emt 0:03:47][%mdl 8192] [#]} (33... axb4 $16 34. Rxa8 Qxa8) 34. Rb1 Kf7 35. bxa5 (35. Rb3 $18) 35... Qa8 $16 (35... bxa5 $2 36. Na7 Rxc6 37. Nxc8 $18) 36. Qxa8 ({And not} 36. Nxc7 Qxc6 37. dxc6 Nxc7 38. Bxb6 Rb8 $15) 36... Rdxa8 37. Be1 Ke7 38. Na3 Kd7 39. Nc2 R6a7 (39... bxa5 $142 40. Rb5 c5 41. Rbxa5 (41. Raxa5 Be7 $16) 41... Rxa5 42. Rxa5 Rxa5 43. Bxa5 Be7) 40. Rb5 $18 Be7 $2 (40... bxa5 {is a better defense.} 41. Raxa5 (41. Rbxa5 Rxa5 42. Rxa5 Rxa5 $16) (41. Bxa5 c6 $16) 41... Rxa5 42. Bxa5 (42. Rxa5 Rxa5 43. Bxa5 c5 $18) 42... c6 43. dxc6+ Kxc6 44. Nb4+ Kd7) 41. Nb4 Rxa5 (41... Rc8 $142 42. a6 Bf8) 42. Rbxa5 Rxa5 43. Rxa5 bxa5 {[%emt 0:00:05][%mdl 4096] Endgame KBN-KBN} 44. Nc6 a4 45. Bb4 Ng7 46. Kf1 Bd8 47. Na7 Ne8 48. Be1 c5 49. Ke2 $2 (49. dxc6+ $18 Ke7 50. Ke2) 49... Bb6 $2 (49... Nc7 $14) 50. Nc6 Nc7 {[%emt 0:03:07] [#]} 51. Bc3 $1 {[%emt 0:00:41][%cal Oc3e5] aiming for Bxe5!} Na6 52. a3 ({Better is} 52. Bxe5 $16 {Hoping for Bf6.} dxe5 53. Nxe5+ Ke8 54. Nxg6) 52... Bc7 $11 {[%emt 0:00:11] The position is equal.} 53. Be1 Bb6 {[%emt 0:03:23] Repels Na7} 54. Kd3 Bd8 55. Na7 Bb6 56. Nc6 Bd8 57. Ke2 Bb6 58. Kd1 Bd8 59. Na7 Nc7 60. Ke2 Na8 $1 61. Nb5 Bc7 62. Nc3 {[%emt 0:01:23] White really could win this.   Weighted Error Value: White=0.28 (precise) /Black=0.29 (precise)} 1/2-1/2

[Event "10th Floripa Open 2024"]
[Site "Florianopolis"]
[Date "2024.01.23"]
[Round "4.10"]
[White "Vazquez, Facundo"]
[Black "Bueno, Alfeu Junior Varela"]
[Result "1/2-1/2"]
[ECO "A40"]
[WhiteElo "2381"]
[BlackElo "2156"]
[Annotator "TA"]
[PlyCount "77"]
[EventDate "2024.01.10"]
[EventType "swiss"]
[EventCountry "BRA"]
[SourceTitle "playchess.com"]
[Source "ChessBase"]
[SourceQuality "1"]
[TimeControl "5400+30"]

1. d4 e6 2. c4 f5 3. a3 b6 4. Nc3 Bb7 5. Bf4 Nf6 6. e3 {[%emt 0:00:23] A40: Unusual replies to 1 d4.} Be7 7. h4 Ne4 (7... O-O $11 {remains equal.}) 8. Nxe4 $16 {[%emt 0:04:08] White is better.} Bxe4 {[%emt 0:00:44] [#]} 9. Nf3 (9. d5 $1 $16) 9... Bf6 10. Bd3 {[%emt 0:13:29] [#]} Bb7 $146 ({Predecessor:} 10... Bxd3 11. Qxd3 O-O 12. O-O-O d5 13. g4 dxc4 14. Qxc4 Qd5 15. Qxd5 exd5 16. gxf5 Nc6 {1-0 Nowak,L (2319)-Lokander,M (2492) Legnica Voivoda Cup 36th 2022 (9)}) 11. Qc2 Bxf3 12. gxf3 O-O 13. O-O-O Kh8 14. Kb1 {[%emt 0:06:16] White is more active.} Qe7 15. Rdg1 Nc6 16. Bg5 ({Worse is} 16. Bxc7 d6 17. Bxd6 (17. d5 $2 Ne5 $19) 17... Qxd6 $17) 16... a6 17. d5 Ne5 18. Be2 b5 19. c5 ({Much weaker is} 19. cxb5 axb5 20. Qxc7 exd5 $14) (19. dxe6 $16 Qxe6 20. Rc1 (20. cxb5 axb5 21. Bxf6 Qxf6 $11)) 19... exd5 $11 20. Qxf5 c6 21. f4 Nc4 22. Bd3 $36 {[%emt 0:02:39][%csl Gd3][%cal Rf5h7][%mdl 2048] [#] White is pushing.} g6 23. Bxf6+ Rxf6 24. Qg4 {[%emt 0:00:38] next Qe2 is good for White.} Qg7 $2 (24... Nd2+ $11 25. Ka2 d4) 25. Qe2 $18 Qf7 26. h5 g5 27. Rxg5 Rg8 28. Rhg1 Rxg5 29. Rxg5 Re6 30. Bxc4 (30. Ka2 $142) 30... bxc4 {[%emt 0:00:38][%mdl 4096] Endgame KQR-KQR} 31. Qd2 {[%emt 0:00:36] Threatens to win with Qc3+.} h6 32. Rg1 ({White should try} 32. Qc3+ $18 Kh7 33. Rg1) 32... Qf5+ (32... Rf6 $16) 33. Ka2 {[%emt 0:00:08] Qc3+ would be deadly.} Re7 34. Qd4+ $2 (34. Qd1 $18) 34... Kh7 $14 35. Qd1 {[%emt 0:05:05] Qb1 is the strong threat.} Rg7 36. Rxg7+ (36. Re1 $5 ) 36... Kxg7 37. Qf3 Qc2 {[%emt 0:00:44] ( -> ...c3)} 38. Qg4+ Kf6 {[%emt 0:00:21] Strongly threatening ...c3.} 39. Qxd7 {[%emt 0:05:04] Weighted Error Value: White=0.32/Black=0.41} 1/2-1/2

[Event "10th Floripa Open 2024"]
[Site "Florianopolis"]
[Date "2024.01.24"]
[Round "5.1"]
[White "Hoffman, Alejandro"]
[Black "Tari, Aryan"]
[Result "0-1"]
[ECO "D38"]
[WhiteElo "2358"]
[BlackElo "2623"]
[Annotator "TA"]
[PlyCount "102"]
[EventDate "2024.01.10"]
[EventType "swiss"]
[EventCountry "BRA"]
[SourceTitle "playchess.com"]
[Source "ChessBase"]
[SourceQuality "1"]
[TimeControl "5400+30"]

1. d4 d5 2. c4 e6 3. Nc3 Bb4 4. e3 Nf6 5. Qa4+ Nc6 6. Bd2 O-O 7. Nf3 a6 8. Qc2 {[%emt 0:00:37] 8.Qc2 is better than 8.a3. D38: Queen's Gambit Declined: Ragozin Defence (4 Nf3 Bb4).} Re8 9. a3 Bd6 10. h3 {[%emt 0:03:01] The position is equal.} h6 11. Rd1 dxc4 12. Bxc4 e5 13. O-O (13. Qg6 Be6 14. Bxe6 Rxe6 $17) 13... e4 14. Nh2 (14. Ne1 {keeps more tension.} b5 15. Ba2 b4 16. Nxe4 Nxe4 17. Qxc6 Bd7 18. Qc2) 14... Be6 {[%emt 0:13:46] Inhibits f3.} 15. Bxe6 {[%emt 0:01:03] [#]} Bxh2+ $146 ({Predecessor:} 15... Rxe6 16. f4 exf3 17. Nxf3 Re8 18. e4 Bf8 19. Bf4 Ne7 20. Ne5 Nc8 21. Nxf7 Kxf7 {1-0 Hoffman,A (2477)-Lopez Azambuja,N (2333) URU-chTA Montevideo 2018 (3.11)}) 16. Kxh2 Qd6+ 17. Kg1 Qxe6 18. Na4 Rac8 19. Rc1 Nb8 20. Nc5 Qd5 21. b4 b6 22. Na4 Re6 23. Nc3 Qb7 24. Qb3 Nbd7 25. a4 Nf8 26. f4 exf3 27. Rxf3 N8h7 28. Rcf1 Ng5 29. Rf5 Rce8 30. Qc4 Nge4 (30... c6 {simplifies} 31. Qd3 b5 32. axb5 axb5 33. d5 Nxd5 34. Nxd5 cxd5 35. Rxd5 Rg6) 31. Nxe4 Nxe4 32. Qc2 (32. Rxf7 $1 $11 {was the only way to keep the balance.} Nxd2 {[%mdl 64] Discovered Attack} 33. Rf8+ Kh7 34. Qd3+ Qe4 35. Qxd2) 32... Ng3 $17 33. Rxf7 Nxf1 34. Rxc7 $2 (34. Rxf1 $17 b5 35. a5 (35. Qf5 $2 bxa4 36. Rc1 Rf6 $19)) 34... Nxe3 (34... Qxc7 $142 35. Qxc7 Nxd2) 35. Bxe3 $19 Qd5 36. Bf2 Rf8 ({Stronger than} 36... Re2 37. Qg6 R2e7 38. Rxe7 Rxe7 39. Qxb6 $17) 37. Qd3 Ref6 ({Inferior is} 37... Qa2 38. Qc2 Qxc2 39. Rxc2) ({Black should play} 37... Rc6 $19 38. Bg3 Rxc7 39. Bxc7 b5 40. axb5 Qxb5 41. Qb3+ Kh7) 38. Bg3 $17 R6f7 39. Rc1 Rd8 40. Rd1 Rfd7 {[%emt 0:02:17] Black is more active.} (40... Rc8 $142 41. Re1 b5 42. axb5 axb5) 41. Qxa6 ({White should try} 41. Kh2) 41... Qb3 $1 42. Rd3 {[%emt 0:00:13] [#]} Qxb4 (42... Qb1+ $1 $17 43. Kh2 Rxd4 44. Rxd4 Rxd4 45. Qxb6 Rxb4 46. Qd8+ Kh7) 43. Be5 $1 $15 Rf8 {[%emt 0:00:18] ( -> ...Qe1+)} 44. Kh2 Qb1 45. Qc4+ Kh7 $1 46. Rb3 $1 Qe4 47. Rg3 Rf2 48. Qe6 Rb7 49. Rg4 Qb1 (49... Qf5 $15 {deserves consideration.} 50. Qb3 Rf7) 50. Rg3 $2 {[%emt 0:06:39] [#]} ({White has to play} 50. Bf4 $1 $11) 50... Rf1 $1 $17 {[%emt 0:00:27][%csl Gb1][%cal Rf1h1] Chess con chili.} 51. Rb3 $2 (51. Re3 $17) 51... Qe1 {[%emt 0:01:04] Weighted Error Value: White=0.31/Black=0.16 (very precise)} 0-1